 Dungeon Crawl Stone Soup version 0.19.0-2-gae57169 (webtiles) character file.

3579 Chiseanne the Nimble (level 10, 0/74 HPs)
             Began as an Octopode Warper on Nov 5, 2016.
             Was an Initiate of Gozag.
             Killed from afar by an orc wizard (8 damage)
             ... with a puff of flame
             ... on level 8 of the Dungeon.
             The game lasted 00:23:00 (8845 turns).

Chiseanne the Nimble (Octopode Warper)              Turns: 8845, Time: 00:23:01

Health: 0/74       AC:  1    Str: 11    XL:     10   Next: 10%
Magic:  13/13      EV: 22    Int: 20    God:    Gozag
Gold:   30         SH:  0    Dex: 16    Spells: 4 memorised, 3 levels left

rFire  . . .     SeeInvis .     a - +3 quarterstaff (chaos)
rCold  + . .     Gourm    .     (shield currently unavailable)
rNeg   . . .     Faith    .     (helmet restricted)
rPois  +         Spirit   .     (no amulet)
rElec  .         Reflect  .     m - ring of protection from cold
rCorr  .         Harm     .     v - +2 ring of dexterity
MR     .....                    F - +2 ring of evasion
Stlth  +++++.....               K - ring of poison resistance
                                (no ring)
                                (no ring)
                                (no ring)
                                (no ring)

@: lethally poisoned (0 -> -1)
A: almost no armour, stealthy swim, amphibious, 8 rings, constrict 8, camouflage
1, clever 2, gelatinous body 1
a: Potion Petition, Call Merchant, Bribe Branch, Renounce Religion


You were on level 8 of the Dungeon.
You worshipped Gozag.
Gozag was noncommittal.
You were not hungry.

You visited 1 branch of the dungeon, and saw 8 of its levels.

You collected 1073 gold pieces.
You spent 360 gold pieces at shops.
You paid 683 gold pieces to Gozag.

Inventory:

Hand Weapons
 a - a +3 quarterstaff of chaos (weapon)
Missiles
 d - 11 tomahawks of dispersal
 h - 190 stones (quivered)
 i - 3 needles of paralysis
 j - a throwing net
 k - 4 needles of frenzy
 s - 2 steel tomahawks
 w - 37 poisoned needles
 y - 22 bolts
 A - 25 sling bullets
 C - 23 arrows
 E - 10 tomahawks
 G - 8 needles of sleeping
Magical Staves
 u - an uncursed staff of poison
Jewellery
 m - a ring of protection from cold (left tentacle)
 v - a +2 ring of dexterity (right tentacle)
 F - a +2 ring of evasion (on tentacle)
 K - a ring of poison resistance (on tentacle)
Wands
 x - a wand of random effects (14/48)
 B - a wand of lightning (4/15)
 D - a wand of lightning (3/15)
Scrolls
 c - 3 scrolls of blinking
 f - 2 scrolls of identify
 g - a scroll of remove curse
 q - 3 scrolls of recharging
 r - a scroll of amnesia
 H - 5 scrolls of teleportation
 J - a scroll of magic mapping
Potions
 e - 2 potions of curing
 l - a potion of invisibility {unknown}
 n - a potion of cancellation {unknown}
 p - 2 potions of might {unknown}
 t - a potion of magic {unknown}
 z - a potion of cure mutation {unknown}
 I - a potion of berserk rage {unknown}
Books
 b - a book of Spatial Translocations

   Spells                             Type                      Level
   a - Blink                          Translocation                2
   b - Shroud of Golubria             Charms/Translocation         2
   c - Lesser Beckoning               Translocation                3
   d - Portal Projectile              Translocation                3
   e - Teleport Other                 Translocation                3
   f - Passage of Golubria            Translocation                4
Comestibles
 o - a meat ration


   Skills:
 - Level 9.0 Fighting
   Level 2.0 Short Blades
 * Level 1.4 Staves
 - Level 1.0 Throwing
 * Level 9.3 Dodging
 * Level 9.0 Stealth
 - Level 2.0 Spellcasting
 - Level 3.0 Translocations


You had 3 spell levels left.
You knew the following spells:

 Your Spells              Type           Power        Failure   Level  Hunger
a - Blink                 Tloc           N/A          10%         2    ##.....
b - Shroud of Golubria    Chrm/Tloc      #.........   14%         2    ##.....
c - Lesser Beckoning      Tloc           ##........   14%         3    ###....
d - Teleport Other        Tloc           ##......     14%         3    ###....


Dungeon Overview and Level Annotations

Branches:
Dungeon (8/15)             Temple (0/1) D:7
   Lair: D:8-11

Altars:
Cheibriados
Fedhas
Gozag
Hepliaklqana
Kikubaaqudgha
Nemelex Xobeh
Ru
Uskayaw
Vehumet
Xom

Shops:
D:7 =


Innate Abilities, Weirdness & Mutations

You cannot wear most types of armour.
You are very stealthy in the water. (Stealth+)
You are amphibious.
You can wear up to eight rings at the same time.
You can use your tentacles to constrict eight enemies at once.
Your skin changes colour to match your surroundings (Stealth+).
Your rubbery body absorbs attacks. (AC +1, EV +1)
Your mind is very acute. (Int +4)


Message History

You now have 30 gold pieces (gained 14).
You feel sick.
You close the door.
You feel sick.
You feel sick. x6
A hound comes into view.
You open the door.
You feel sick.
A hound comes into view.
There is an open door here.
The orc warrior shouts!
You feel sick.
A wyvern comes into view.
You feel sick.
The orc wizard gestures at you while chanting.
The magic dart hits you!
* * * LOW HITPOINT WARNING * * *
The orc wizard casts a spell at you. The puff of flame hits you!
You die...
Your body crumbles into a pile of gold.

#.....y##.#.........####......
#......##.#..........# #......
#..#.#y##.#..........# #......
#..#.................# #......
#..#.#o##o#.....#.#### ######.
......#o#.##y#....o#.# #.
......#.#.##.####..#o###### #.
......#..$...<................##.
......#.........@..?.............
..............###.##.#....##.....
......###.##..# #.##l#....######.
......# #.##.........#....# ..
.... #.##..###.##.. ..... .#. ...
....... ...... ..... .... ...
.....# ### ... .. .. .##.#.


You could see an orc warrior and an orc wizard.

Vanquished Creatures
  The ghost of Chiseanne the Skirmisher, a novice OpWr (D:5)
  A troll (D:7)
  A hippogriff (D:7)
  Sigmund (D:2)
  A hornet zombie (D:7)
  2 phantoms (D:4)
  2 black bears
  A sky beast (D:7)
  An ogre (D:7)
  The ghost of Enish the Poker, an amateur MfAK of Lugonu (D:4)
  A centaur (D:5)
  2 bullfrogs (D:7)
  A wyvern skeleton (D:7)
  3 scorpions
  6 killer bees
  3 howler monkeys (D:7)
  4 crimson imps
  A bullfrog zombie (D:7)
  2 hounds
  A centaur zombie (D:5)
  A bullfrog skeleton (D:5)
  A centaur skeleton (D:7)
  5 orc priests
  Crazy Yiuf (D:2)
  A jelly (D:5)
  4 iguanas
  Ijyb (D:2)
  4 orc wizards (D:5)
  6 worker ants
  A hound zombie (D:6)
  2 hound skeletons
  Robin (D:2)
  10 gnolls
  7 adders
  An adder skeleton (D:4)
  4 worms
  4 dart slugs
  3 leopard geckos
  21 orcs
  4 ball pythons (D:2)
  3 giant cockroaches
  18 goblins
  6 hobgoblins
  18 jackals
  11 kobolds
  6 quokkas
  8 bats
  5 frilled lizards
  2 jackal skeletons
  4 rats (D:1)
  A fungus (D:2)
200 creatures vanquished.

Notes
Turn   | Place    | Note
-------+----------+-------------------------------------------
     0 | D:1      | Chiseanne the Octopode Warper began the quest for the Orb.
     0 | D:1      | Reached XP level 1. HP: 14/14 MP: 3/3
   147 | D:1      | Reached XP level 2. HP: 12/19 MP: 5/5
   824 | D:2      | Found an ancient bone altar of Kikubaaqudgha.
   836 | D:2      | Reached XP level 3. HP: 25/25 MP: 6/6
  1055 | D:2      | Noticed Ijyb
  1071 | D:2      | Killed Ijyb
  1083 | D:2      | Reached XP level 4. HP: 5/31 MP: 7/7
  1506 | D:2      | Noticed Robin
  1557 | D:2      | Killed Robin
  2003 | D:2      | Reached XP level 5. HP: 32/37 MP: 8/8
  2387 | D:2      | Noticed Sigmund
  2401 | D:2      | Killed Sigmund
  2401 | D:2      | Reached skill level 5 in Dodging
  2401 | D:2      | Reached XP level 6. HP: 23/45 MP: 9/9
  2574 | D:2      | You fall through a shaft!
  2956 | D:2      | Reached skill level 5 in Fighting
  3085 | D:2      | Found a runed door.
  3089 | D:2      | Noticed Crazy Yiuf
  3100 | D:2      | Killed Crazy Yiuf
  3124 | D:2      | HP: 2/45 [poisoned by Crazy Yiuf]
  3131 | D:2      | HP: 1/45 [poisoned by Crazy Yiuf]
  3869 | D:4      | Found an opulent altar of Gozag.
  3881 | D:4      | Became a worshipper of Gozag Ym Sagoz the Greedy
  3899 | D:4      | Reached XP level 7. HP: 50/50 MP: 10/10
  3977 | D:4      | Noticed Enish's ghost (amateur MfAK)
  4021 | D:4      | Killed Enish's ghost
  4638 | D:4      | Reached XP level 8. HP: 53/58 MP: 11/11
  4740 | D:5      | Entered Level 5 of the Dungeon
  5034 | D:5      | Noticed Chiseanne's ghost (novice OpWr)
  5101 | D:6      | Learned a level 2 spell: Blink
  5104 | D:6      | Learned a level 2 spell: Shroud of Golubria
  5108 | D:6      | Learned a level 3 spell: Lesser Beckoning
  5112 | D:6      | Learned a level 3 spell: Teleport Other
  5147 | D:6      | Reached skill level 1 in Stealth
  5301 | D:6      | Found a sparkling altar of Nemelex Xobeh.
  5301 | D:6      | Found a faded altar of an unknown god.
  5306 | D:6      | Found a faded altar of an unknown god.
  5308 | D:6      | Found an opulent altar of Gozag.
  5310 | D:6      | Found a snail-covered altar of Cheibriados.
  5788 | D:5      | Found a radiant altar of Vehumet.
  6251 | D:5      | Killed Chiseanne's ghost
  6251 | D:5      | Reached skill level 5 in Stealth
  6251 | D:5      | Reached XP level 9. HP: 41/66 MP: 12/12
  6911 | D:5      | Found a shimmering altar of Xom.
  6913 | D:5      | Found a hazy altar of Hepliaklqana.
  6913 | D:5      | Found a hide-covered altar of Uskayaw.
  6915 | D:5      | Found a blossoming altar of Fedhas.
  6915 | D:5      | Found a hazy altar of Hepliaklqana.
  6915 | D:5      | Found a sacrificial altar of Ru.
  7045 | D:7      | Gained mutation: Your mind is acute. (Int +2) [potion of beneficial mutation]
  7046 | D:7      | Gained mutation: Your mind is very acute. (Int +4) [potion of beneficial mutation]
  7195 | D:7      | Bought a +2 ring of evasion for 120 gold pieces
  7557 | D:7      | Found a staircase to the Ecumenical Temple.
  7570 | D:7      | Noticed a troll
  7586 | D:7      | Killed a troll
  7862 | D:7      | Found a sacrificial altar of Ru.
  8225 | D:7      | HP: 1/67 [killer bee (10)]
  8386 | D:7      | Reached XP level 10. HP: 26/74 MP: 13/13
  8720 | D:7      | Bought an uncursed ring of poison resistance for 240 gold pieces
  8810 | D:8      | Reached skill level 1 in Staves
  8845 | D:8      | Killed from afar by an orc wizard

Skill      XL: |  1  2  3  4  5  6  7  8  9 10 |
---------------+-------------------------------+-----
Dodging        | 3 4 5 6 8 9 |  9.3
Fighting       | 3 4 5 6 7 9 |  9.0
Stealth        | 5 8 9 |  9.0
Staves         | 1 |  1.4
Short Blades   | |  2.0
Throwing       | |  1.0
Spellcasting   | |  2.0
Translocations | |  3.0

Action                   |  1- 3 |  4- 6 |  7- 9 | 10-12 || total
-------------------------+-------+-------+-------+-------++-------
Melee: Short sword       |    70 |   122 |       |       ||   192
       Constrict         |    13 |    34 |    62 |     6 ||   115
       Tentacles         |    10 |    25 |    51 |     4 ||    90
       Quarterstaff      |       |    17 |   272 |    21 ||   310
Throw: Tomahawk          |     1 |       |       |       ||     1
       Stone             |       |     3 |    11 |     1 ||    15
 Cast: Blink             |       |       |     1 |       ||     1
Invok: Call Merchant     |       |       |     1 |       ||     1
Evoke: Wand              |       |       |     6 |     1 ||     7
  Use: Scroll            |     3 |     8 |     6 |       ||    17
       Potion            |       |     2 |     4 |       ||     6
 Stab: Sleeping          |     3 |     8 |    12 |       ||    23
       Distracted        |       |     1 |     2 |       ||     3
       Paralysed         |       |     1 |     4 |       ||     5
  Eat: Chunk             |       |     9 |     1 |       ||    10
       Fruit             |       |       |     8 |       ||     8
       Pizza             |       |       |     1 |       ||     1
       Beef jerky        |       |       |     1 |       ||     1
       Bread ration      |       |       |     1 |     1 ||     2
Armor: Skin              |     7 |     3 |     5 |       ||    15
Dodge: Dodged            |    32 |    86 |   253 |    24 ||   395
